 Dungeon Sprint DCSS version 0.28.0-43-g3370ac3207 (webtiles) character file.

Game seed: 16218217138501354167

14354 boopmooplesden the Executioner (level 11, -2/113 HPs)
             Began as a Minotaur Berserker on Mar 16, 2022.
             Was the Champion of Trog.
             Killed by divine providence
             ... invoked by a mummy priest
              (17 damage)
             ... in the Dungeon (Sprint I: "Red Sonja").
             The game lasted 00:06:50 (2259 turns).

boopmooplesden the Executioner (Minotaur Berserker) Turns: 2259, Time: 00:06:52

Health: -2/113     AC: 23    Str: 23 (24) XL:     11   Next: 87%
Magic:  9/10       EV: 10    Int:  2      God:    Trog [******]
Gold:   1082       SH:  0    Dex: 10      Spells: 10/10 levels left

rFire   . . .      SeeInvis .   e - +7 executioner's axe (flame)
rCold   . . .      Faith    .   (shield currently unavailable)
rNeg    . . .      Spirit   .   o - +1 plate armour of Articulation {Rampage Regen+}
rPois   .          Reflect  .   (helmet restricted)
rElec   +          Harm     .   (no cloak)
rCorr   .          Rampage  +   r - +2 pair of gloves {hurl}
Will    +....      NoTele   +   u - +1 pair of boots {rampage}
Stlth   ..........              (no amulet)
HPRegen 1.08/turn               (no ring)
MPRegen 0.12/turn               (no ring)

@: flying, unable to read
A: horns 2, retaliatory headbutt, clumsy 1, deterioration 1, dopey 1, frail 1,
strong-willed 1, electricity resistance, no potion heal 1, inability to read
while threatened
a: Renounce Religion, Berserk, Trog's Hand, Brothers in Arms


You were in the Dungeon.
You worshipped Trog.
Trog was exalted by your worship.
You visited 1 branch You collected 1431 gold pieces.
You spent 349 gold pieces at shops.

Inventory:

Hand Weapons
 a - a +0 hand axe
 e - a +7 executioner's axe of flaming (weapon)
 n - a +2 antimagic battleaxe
Armour
 b - a +0 animal skin
 j - a +0 ring mail
 k - the +1 leather armour of Curiosity {Str+5}
   (You found it in the Dungeon)

   Str:       It affects your strength (+5).
 o - the +1 plate armour of Articulation (worn) {Rampage Regen+}
   (You found it in the Dungeon)

   Regen:     It increases your rate of health regeneration.
   Rampage:   It bestows one free step when moving towards enemies.
 q - a +3 scale mail of poison resistance
 r - a +2 pair of gloves of hurling (worn)
 u - a +1 pair of boots of rampaging (worn)
Jewellery
 p - a ring of ice
Wands
 i - a wand of iceblast (7)
Scrolls
 h - a scroll of blinking
Potions
 c - 4 potions of curing
 d - a potion of heal wounds
 f - 2 potions of magic
 g - a potion of berserk rage
 m - a potion of attraction
 s - a potion of lignification


   Skills:
 + Level 20.8 Fighting
 + Level 21.9 Axes
 + Level 13.3 Armour
 + Level 12.0 Dodging
 + Level 5.1 Stealth


You had 10 spell levels left.
You didn't know any spells.
Your spell library was empty.

Dungeon Overview and Level Annotations

Branches:
Dungeon (1/1)

Altars:
Cheibriados
Dithmenos
Elyvilon
Fedhas
Gozag
Hepliaklqana
Kikubaaqudgha
Makhleb
Nemelex Xobeh
Okawaru
Qazlal
Ru
Sif Muna
Trog
Uskayaw
Vehumet
Wu Jian
Xom
Yredelemnul
Zin
The Shining One
Jiyva
Lugonu

Shops:
D ***[([[*!(?*(:?[:*([(


Innate Abilities, Weirdness & Mutations

You have a pair of horns on your head.
You reflexively headbutt those who attack you in melee.
You are clumsy. (Dex -2)
Your body sometimes deteriorates upon taking damage.
You are dopey. (Int -2)
You are frail. (-10% HP)
You are strong-willed. (Will+)
You are resistant to electric shocks. (rElec)
Potions are less effective at restoring your health.
You sometimes lose the ability to read scrolls when taking damage.


Message History

Trog accepts your kill.
Trog appreciates your killing of a magic user.
The deep elf annihilator gestures at you while chanting.
The iron shot hits you!!
Your body deteriorates!
You feel weakened.
You see here a +0 spear.
You feel very buoyant.
You fly up into the air.
The deep elf annihilator casts a spell at you.
The bolt of lightning hits you! You resist. The bolt of lightning hits you!
You resist.
You feel threatened and lose the ability to read scrolls!
Found a glowing scimitar.
The deep elf annihilator points at you and mumbles some strange words.
The crystal spear hits you!!
You rampage towards the deep elf annihilator!
A mummy priest and 2 hornets come into view.
You barely miss the deep elf annihilator.
Your headbutt misses the deep elf annihilator.
The hornet buzzes angrily. x2; You hear an angry buzzing noise.
The deep elf annihilator casts a spell at you.
The bolt of lightning hits you! You resist.
* * * LOW HITPOINT WARNING * * *
The bolt of lightning hits you! You resist.
* * * LOW HITPOINT WARNING * * *
A hornet comes into view.
You carve the deep elf annihilator like a ham!!!
You burn the deep elf annihilator.
Your headbutt misses the deep elf annihilator.
The deep elf annihilator is severely wounded.
The deep elf annihilator hits you with a +0 rapier.
* * * LOW HITPOINT WARNING * * *
You slice the deep elf annihilator!! You burn the deep elf annihilator.
You kill the deep elf annihilator!
Trog accepts your kill.
Trog appreciates your killing of a magic user.
A hornet comes into view.
The mummy priest mumbles some strange prayers to its god against you.
Something smites you!
You die...

#################***************
§§)†..§§..).§#..+,,,,*,,,,,,,,,*
####..§§§##.§§..#,,,,**,,,,,,,,*
#,*##§§§#######)#,,,,,*****,,,,*
#+*,###+#,,,*#.)#,,,,,*,,,*,,,,*
#,,,*,*,**,,,#..##,,,,*,∩,*,,,,*
#,,,***,,***,#..@#**+**,,,*,,,,*
+,,,,,**,*,*,#..≈))#,****+*,,,,*
#,,,,,*,,***,#..≈.##+*,,,,**,,,*
#**++**,**,,,#..≈##,,,,,,,,**,,*
#*,,***,,*+**#yy≈#,,,,,,,,,,*,,*
***,,***,,,*,≈.y##,,,,,,,,,,**,*
,,*,,*,***,*M≈..#,,,,,,,,,,,,*,*
,,,,,,,,,*,###.y*,,,,,,,,,,,,*,*
,,,,,,,,,*,*,+,,**,,,,,,,,,,**,*


You could see a mummy priest and 4 hornets.

Vanquished Creatures
  A deep elf annihilator (D)
  A hydra (D)
  2 centaur warriors (D)
  Sonja (D)
  A deep troll (D)
  A lindwurm (D)
  An oklob plant (D)
  8 shining eyes (D)
  2 merfolk sirens (D)
  A gargoyle (D)
  4 demonic crawlers (D)
  2 kobold demonologists (D)
  A hellwing (D)
  2 unseen horrors (D)
  A slime creature (D)
  A hornet (D)
  Sigmund (D)
  A yak (D)
  13 hogs (D)
  2 redbacks (D)
  7 floating eyes (D)
  7 necrophages (D)
  An ogre (D)
  8 jellies (D)
  Ijyb (D)
71 creatures vanquished.

Vanquished Creatures (others)
  2 ballistomycete spores (D)
2 creatures vanquished.

Grand Total: 73 creatures vanquished

Notes
Turn   | Place    | Note
-------+----------+-------------------------------------------
     0 | D        | boopmooplesden the Minotaur Berserker began the quest for
                  | the Orb.
     0 | D        | Reached XP level 1. HP: 19/19 MP: 0/0
     1 | D        | Noticed Ijyb
     7 | D        | Killed Ijyb
     8 | D        | Reached skill level 5 in Fighting
     8 | D        | Reached skill level 5 in Axes
     8 | D        | Reached XP level 2. HP: 29/29 MP: 1/1
    44 | D        | Noticed an ogre
    47 | D        | Killed an ogre
    48 | D        | Reached skill level 7 in Axes
    48 | D        | Reached XP level 3. HP: 40/40 MP: 2/2
    48 | D        | Reached XP level 4. HP: 48/48 MP: 3/3
    80 | D        | Noticed Sigmund
   104 | D        | Killed Sigmund
   104 | D        | Reached ** piety under Trog
   105 | D        | Reached skill level 10 in Axes
   105 | D        | Reached skill level 5 in Armour
   105 | D        | Reached skill level 5 in Dodging
   105 | D        | Reached XP level 5. HP: 9/58 MP: 4/4
   486 | D        | Found a burning altar of Makhleb.
   486 | D        | Found a viscous altar of Jiyva.
   486 | D        | Found a shimmering altar of Xom.
   486 | D        | Found a corrupted altar of Lugonu.
   486 | D        | Noticed a slime creature
   494 | D        | Killed a slime creature
   495 | D        | Reached skill level 11 in Axes
   495 | D        | Reached XP level 6. HP: 68/68 MP: 5/5
   554 | D        | Found an ornate altar of the Wu Jian Council.
   554 | D        | Found a shimmering blue altar of Sif Muna.
   556 | D        | Found a radiant altar of Vehumet.
   588 | D        | Found Udad's Armour Emporium.
   588 | D        | Found an ancient bone altar of Kikubaaqudgha.
   588 | D        | Found a hazy altar of Hepliaklqana.
   588 | D        | Found a hide-covered altar of Uskayaw.
   588 | D        | Found a basalt altar of Yredelemnul.
   588 | D        | Found an opulent altar of Gozag.
   588 | D        | Found a snail-covered altar of Cheibriados.
   588 | D        | Found a sacrificial altar of Ru.
   588 | D        | Found a shadowy altar of Dithmenos.
   588 | D        | Noticed a yak
   595 | D        | Killed a yak
   596 | D        | Reached skill level 12 in Axes
   596 | D        | Reached XP level 7. HP: 75/75 MP: 6/6
   596 | D        | Found a stormy altar of Qazlal.
   596 | D        | Found a blossoming altar of Fedhas.
   596 | D        | Found a bloodstained altar of Trog.
   596 | D        | Found an iron altar of Okawaru.
   596 | D        | Found a glowing golden altar of the Shining One.
   596 | D        | Found a glowing silver altar of Zin.
   596 | D        | Found a white marble altar of Elyvilon.
   597 | D        | Found a sparkling altar of Nemelex Xobeh.
   618 | D        | Noticed a kobold demonologist
   619 | D        | Noticed a kobold demonologist
   622 | D        | Paralysed by a floating eye for 2 turns
   625 | D        | Reached *** piety under Trog
   631 | D        | Killed a kobold demonologist
   632 | D        | Reached skill level 13 in Axes
   632 | D        | Reached XP level 8. HP: 85/85 MP: 7/7
   633 | D        | Killed a kobold demonologist
   633 | D        | Reached **** piety under Trog
   634 | D        | Reached skill level 14 in Axes
   650 | D        | Noticed a centaur warrior
   763 | D        | Noticed a centaur warrior
   772 | D        | Killed a centaur warrior
   773 | D        | Reached skill level 15 in Axes
   773 | D        | Killed a centaur warrior
   774 | D        | Reached skill level 15 in Fighting
   774 | D        | Reached XP level 9. HP: 57/97 MP: 8/8
   778 | D        | Identified the +1 leather armour of Curiosity {Str+5}
   996 | D        | Reached skill level 16 in Axes
   996 | D        | Reached skill level 10 in Armour
  1003 | D        | Noticed an oklob plant
  1010 | D        | Killed an oklob plant
  1069 | D        | Noticed a deep troll
  1076 | D        | Killed a deep troll
  1076 | D        | Reached ***** piety under Trog
  1077 | D        | Reached skill level 1 in Stealth
  1088 | D        | Found Xotaarch's Armour Emporium.
  1151 | D        | Reached skill level 17 in Axes
  1377 | D        | Killed an unseen horror
  1378 | D        | Reached XP level 10. HP: 70/108 MP: 9/9
  1379 | D        | Reached skill level 10 in Dodging
  1612 | D        | Received a gift from Trog
  1633 | D        | Reached ****** piety under Trog
  1655 | D        | Received a gift from Trog
  1664 | D        | Identified the +1 plate armour of Articulation {Rampage
                  | Regen+}
  1862 | D        | Found Fovioxou's Assorted Antiques.
  1862 | D        | Found Biegg's Weapon Emporium.
  1862 | D        | Found Yjilucw's Antique Weapon Emporium.
  1864 | D        | Found Wagguw's Book Boutique.
  1864 | D        | Found Ublusuuw's Antique Armour Shoppe.
  1864 | D        | Found Ales's Magic Scroll Shop.
  1864 | D        | Found Ezxapnui's Book Emporium.
  1864 | D        | Found Ibut's Weapon Boutique.
  1864 | D        | Found Nurauff's Assorted Antiques.
  1864 | D        | Found Sufroamp's Magic Scroll Shop.
  1868 | D        | Found Ucohikk's Weapon Emporium.
  1869 | D        | Found Itreaj's Distillery.
  1869 | D        | Found Fyboun's General Store.
  1870 | D        | Bought a pair of runed gloves for 135 gold pieces
  1875 | D        | Found Hetho's Antique Armour Shop.
  1920 | D        | Noticed Sonja
  1925 | D        | Killed Sonja
  1926 | D        | Reached skill level 18 in Axes
  1981 | D        | Found Lejiuc's General Store.
  1989 | D        | Bought a +1 pair of boots of rampaging for 214 gold pieces
  1995 | D        | Noticed a shining eye
  1995 | D        | Noticed a shining eye
  1995 | D        | Noticed a shining eye
  2000 | D        | Gained mutation: You sometimes lose the ability to read
                  | scrolls when taking damage. [a shining eye]
  2002 | D        | Gained mutation: You are frail. (-10% HP) [a shining eye]
  2003 | D        | Gained mutation: Your body sometimes deteriorates upon
                  | taking damage. [a shining eye]
  2005 | D        | Killed a shining eye
  2006 | D        | Noticed a shining eye
  2006 | D        | Noticed a shining eye
  2006 | D        | Noticed a shining eye
  2006 | D        | Gained mutation: Potions are less effective at restoring
                  | your health. [a shining eye]
  2006 | D        | Gained mutation: You are clumsy. (Dex -2) [a shining eye]
  2008 | D        | Noticed a shining eye
  2008 | D        | Noticed a shining eye
  2009 | D        | Killed a shining eye
  2010 | D        | Killed a shining eye
  2012 | D        | Received a gift from Trog
  2012 | D        | Gained mutation: You are dopey. (Int -2) [a shining eye]
  2014 | D        | Killed a shining eye
  2015 | D        | Reached skill level 19 in Axes
  2015 | D        | Killed a shining eye
  2016 | D        | Reached XP level 11. HP: 108/108 MP: 3/10
  2017 | D        | Killed a shining eye
  2022 | D        | Gained mutation: You are strong-willed. (Will+) [a shining
                  | eye]
  2023 | D        | Killed a shining eye
  2023 | D        | Received a gift from Trog
  2028 | D        | Gained mutation: You are resistant to electric shocks.
                  | (rElec) [a shining eye]
  2032 | D        | Killed a shining eye
  2042 | D        | Found Jicza's Assorted Antiques.
  2042 | D        | Found Reivept's Weapon Shop.
  2042 | D        | Found Potesaci's General Store.
  2042 | D        | Found Jigrioce's Armour Boutique.
  2102 | D        | Reached skill level 20 in Axes
  2143 | D        | Noticed a lindwurm
  2147 | D        | Killed a lindwurm
  2148 | D        | Reached skill level 5 in Stealth
  2155 | D        | Received a gift from Trog
  2174 | D        | Received a gift from Trog
  2181 | D        | Reached skill level 21 in Axes
  2204 | D        | Noticed a 12-headed hydra
  2209 | D        | Killed a 16-headed hydra
  2210 | D        | Received a gift from Trog
  2238 | D        | Noticed a deep elf annihilator
  2257 | D        | Noticed a mummy priest
  2259 | D        | Killed a deep elf annihilator
  2259 | D        | Killed from afar by a mummy priest

Illustrated notes

Levels and vault maps discovered:
D:        dungeon_sprint_1 [red_sonja_temple_1, red_sonja_temple_small_1]

Skill      XL: |  1  2  3  4  5  6  7  8  9 10 11 |
---------------+----------------------------------+-----
Fighting       | 5 7 9 11 12 15 16 18 20 | 20.8
Axes           | 5 7 10 11 12 13 15 17 19 21 | 21.9
Armour         | 3 4 5 6 7 9 10 12 13 | 13.3
Dodging        | 3 4 5 6 7 8 9 11 12 | 12.0
Stealth        | 1 4 5 |  5.1

Action                   |  1- 3 |  4- 6 |  7- 9 | 10-12 || total
-------------------------+-------+-------+-------+-------++-------
Melee: Hand axe          |     6 |    38 |    50 |    37 ||   131
       Headbutt          |       |     5 |    10 |    35 ||    50
       Battleaxe         |       |       |       |    88 ||    88
       Executioner's axe |       |       |       |    10 ||    10
Invok: Berserk           |     2 |     1 |     5 |     5 ||    13
  Use: Potion            |       |     1 |       |     1 ||     2
       Scroll            |       |       |       |     4 ||     4
 Stab: Sleeping          |       |       |       |     1 ||     1
Armor: Ring mail         |       |     1 |     8 |       ||     9
       Leather armour    |       |       |     4 |     4 ||     8
       Plate armour      |       |       |       |    43 ||    43
Dodge: Dodged            |     3 |    11 |    30 |    60 ||   104
